 Dungeon Crawl Stone Soup version 0.31-a0-1388-g4b2ba238e7 (webtiles) character file.

Game seed: 7078892986443428659

4 Fuzzly the Ruffian (level 1, -7/22 HPs)
             Began as a Troll Berserker on Dec 25, 2023.
             Was a Follower of Trog.
             Engulfed by a cloud of poison gas (9 damage)
             ... on level 1 of the Dungeon.
             The game lasted 00:02:18 (47 turns).

Fuzzly the Ruffian (Troll Berserker)                  Turns: 47, Time: 00:02:19

Health: -7/22      AC:  4    Str: 24    XL:     1   Next: 58%
Magic:  2/9        EV: 10    Int:  3    God:    Trog [*.....]
Gold:   0          SH:  0    Dex:  9    Spells: 0/0 levels left

rFire   . .          .
                       - Unarmed
rCold   . . .        (no shield)
rNeg    . . .        a - +0 animal skin
rPois   .            (helmet restricted)
rElec   .            (no cloak)
rCorr   .            (gloves unavailable)
SInv    .            (boots unavailable)
Will    .....        (no amulet)
Stlth   +            c - ring of magical power
HPRegen 1.03/turn    (no ring)
MPRegen 0.11/turn

%: no passive effects
@: lethally poisoned (-7 -> -36)
A: large, unfitting armour, claws 3, regeneration 1, shaggy fur 1, tough skin 1
a: Renounce Religion, Berserk


You were on level 1 of the Dungeon.
You worshipped Trog.
Trog was aware of your devotion.
You visited 1 branch of the dungeon, and saw 1 of its levels.

Inventory:

Hand Weapons
 b - a +0 short sword
Armour
 a - a +0 animal skin (worn)
Jewellery
 c - a ring of magical power (left claw)


   Skills:
 + Level 2.5 Fighting
 + Level 2.5 Dodging
 + Level 3.1 Unarmed Combat


You couldn't memorise any spells.
You didn't know any spells.
Your spell library was empty.

Dungeon Overview and Level Annotations

Branches:
Dungeon (1/15)

Altars:


Innate Abilities, Weirdness & Mutations

You are too large for most types of armour.
You have claws for hands.
Your natural rate of healing is unusually fast.
You are covered in fur. (AC +1)
You have tough skin. (AC +1)


Message History

The rat completely misses you.
You barely miss the rat. The rat bites you but does no damage.
You claw the rat!
You kill the rat!
Trog accepts your kill.
You scratch the frilled lizard.
The frilled lizard is heavily wounded.
The frilled lizard bites you but does no damage.
You closely miss the frilled lizard.
The frilled lizard is heavily wounded.
The frilled lizard bites you.
You claw the frilled lizard!
You kill the frilled lizard!
Trog accepts your kill.
c - a ring of magical power You see here a hobgoblin corpse.
You feel your magic capacity increase.
c - a ring of magical power (left claw)
You see here a +0 tower shield.
You open the door.
Found a scroll labelled NASUUS VOUXI.
There is an open door here.
d - a scroll labelled NASUUS VOUXI The air fills with toxic fumes!
As you read the scroll labelled NASUUS VOUXI, it crumbles to dust.
It was a scroll of poison.
Sorry, I don't know how to get there.
Okay, then.
Sorry, I don't know how to get there.
You are engulfed in poison gas.
You are poisoned.
You feel very sick.
Found a scroll labelled VOPUSK XACOM.
You are engulfed in poison gas.
You are lethally poisoned!
You feel extremely sick.
You are engulfed in poison gas.
You are more poisoned.
* * * LOW HITPOINT WARNING * * *
You feel extremely sick.
You open the door.
You are engulfed in poison gas.
You are more poisoned.
You die...

## #§## .# ?§. .#
##+##§# .# ##§§§#§###
.### ##§§§§§§... †#.##
##§§§§§§§##
....####.§§§§§§§§####...
......['.§§§§.§§@'......
......##.§§§§§§§§####...
.#.##.###§§§§§§§##
..###.# ##§§§§§## #.#
#.# ##§§§## #.# #.#
##+## ... ..# ......#


There were no monsters in sight!

Vanquished Creatures
  An endoplasm (D:1)
  A hobgoblin (D:1)
  A frilled lizard (D:1)
  A kobold (D:1)
  A rat (D:1)
5 creatures vanquished.

Notes
Turn   | Place    | Note
-------+----------+-------------------------------------------
     0 | D:1      | Fuzzly the Troll Berserker began the quest for the Orb.
     0 | D:1      | Reached XP level 1. HP: 22/22 MP: 0/0
    47 | D:1      | Engulfed by a cloud of poison gas

Illustrated notes

Levels and vault maps discovered:
D:1:      nzn_arrival_crosshair, layout_loops_corners

Action                     || total
---------------------------++-------
  Melee: Unarmed           ||    14
    Use: Scroll            ||     1
 Armour: Animal skin       ||     7
  Dodge: Dodged            ||     4

Table legend: (Time is in decaauts)
 A = Elapsed time spent in this place.
 B = Non-inter-level travel time spent in this place.
 C = Inter-level travel time spent in this place.
 D = Time resting spent in this place.
 E = Time spent auto-exploring this place.
 F = Levels seen in this place.
 G = Mean time per level.
                   A        B        C        D        E       F      G
               +--------+--------+--------+--------+--------+-----+--------+
         Total |     45 |     27 |     18 |      0 |      0 |   1 |   45.0 |
       Dungeon |     45 |     27 |     18 |      0 |      0 |   1 |   45.0 |
               +--------+--------+--------+--------+--------+-----+--------+

Top non-repeatable levels by time:
     D:1: 45 daAuts
